 Dungeon Crawl Stone Soup version 0.22-a0-354-g30dfbe6 (webtiles) character file.

51 Kairos the Shield-Bearer (level 3, 0/20 HPs)
             Began as a Vine Stalker Fighter on Apr 16, 2018.
             Slain by a bat (1 damage)
             ... on level 2 of the Dungeon.
             The game lasted 00:01:45 (787 turns).

Kairos the Shield-Bearer (Vine Stalker Fighter)      Turns: 787, Time: 00:01:45

Health: 0/20       AC: 10    Str: 18    XL:     3   Next: 83%
Magic:  0/4        EV:  7    Int:  9    God:
Gold:   39         SH:  9    Dex: 13    Spells: 2/2 levels left

rFire    + + .     SeeInvis .   a - +0 flail
rCold    x . .     Gourm    .   c - +0 shield
rNeg     . . .     Faith    .   h - +0 fire dragon scales
rPois    .         Spirit   +   (no helmet)
rElec    .         Reflect  .   (no cloak)
rCorr    .         Harm     .   j - +0 pair of gloves
MR       .....                  (no boots)
Stlth    ..........             (no amulet)
HPRegen  0.06/turn              (no ring)
MPRegen  0.09/turn              (no ring)

@: no status effects
A: fangs 2, magic shield, antimagic bite, no potion heal 3, rot immunity
a: no special abilities


You were on level 2 of the Dungeon.
You were not hungry.

You visited 1 branch of the dungeon, and saw 2 of its levels.

You collected 39 gold pieces.

Inventory:

Hand Weapons
 a - a +0 flail (weapon)
Armour
 b - a +0 scale mail
 c - a +0 shield (worn)
 h - +0 fire dragon scales (worn)
 j - a +0 pair of gloves (worn)
Scrolls
 e - a scroll of fear {unknown}
 g - a scroll of identify {unknown}
 i - a scroll of fog {unknown}
Potions
 d - a potion of might
Comestibles
 f - 2 rations


   Skills:
 + Level 3.0 Fighting
 + Level 2.2 Maces & Flails
 + Level 2.8 Armour
 + Level 0.5 Dodging
 + Level 3.2 Shields


You had 2 spell levels left.
You didn't know any spells.

Dungeon Overview and Level Annotations

Branches:
Dungeon (2/15)

Altars:


Innate Abilities, Weirdness & Mutations

You have extremely sharp teeth.
When hurt, damage is shared between your health and your magic reserves.
Your bite disrupts and absorbs the magic of your enemies.
Potions cannot restore your health.
You are immune to rotting.


Message History

Pain shoots through your body!
Ouch! That really hurt!
You thump Jessica!
Jessica is severely wounded.
The howler monkey hits you. Jessica hits you.
* * * LOW HITPOINT WARNING * * *
The howler monkey barely misses you.
A bat comes into view.
You sock Jessica!
You kill Jessica!
Your Fighting skill increases to level 3!
Your Maces & Flails skill increases to level 2!
The bat hits you but does no damage. The howler monkey hits you.
* * * LOW HITPOINT WARNING * * *
The howler monkey hoots and howls with incredible vigour!
You hear a shout!
You hear an angry hiss. x2
A leopard gecko and a worm come into view.
The leopard gecko hisses angrily.
The bat closely misses you. The bat hits you.
You die...

#.##........?.
##...#.........
##..............
.#...............
.................
##.......gr......
##.......#[hl.....
..l#.....#b#
#......@.#
#......b.#
#....<..$#
##.....#.#
##>..##.# ######..
#..( .w.. ...


You could see a worm, a howler monkey, a leopard gecko, a quokka, a hobgoblin, 2
bats and a frilled lizard.

Vanquished Creatures
  Jessica (D:2)
  3 bats (D:1)
  2 giant cockroaches (D:1)
  4 hobgoblins (D:1)
  3 frilled lizards
  7 goblins (D:1)
  2 kobolds (D:1)
  3 rats (D:1)
  A toadstool (D:1)
26 creatures vanquished.

Vanquished Creatures (others)
  3 toadstools (D:1)
3 creatures vanquished.

Grand Total: 29 creatures vanquished

Notes
Turn   | Place    | Note
-------+----------+-------------------------------------------
     0 | D:1      | Kairos the Vine Stalker Fighter began the quest for the Orb.
     0 | D:1      | Reached XP level 1. HP: 11/11 MP: 2/2
   155 | D:1      | Reached XP level 2. HP: 8/16 MP: 3/3
   583 | D:1      | Reached XP level 3. HP: 16/19 MP: 4/4
   778 | D:2      | Noticed Jessica
   786 | D:2      | Killed Jessica
   786 | D:2      | HP: 1/20 [howler monkey (1)]
   787 | D:2      | Slain by a bat

Vault maps used:
D:1:      ldierk_water_garden
D:2:      uniq_crazy_yiuf_cottage, uniq_jessica

Skill      XL: |  1  2  3 |
---------------+----------+-----
Shields        | 3 |  3.2
Fighting       | 3 |  3.0
Maces & Flails | 2 |  2.2
Armour         | |  2.8
Dodging        | |  0.5

Action                   || total
-------------------------++-------
Melee: Flail             ||    92
       Bite              ||    16
Armor: Scale mail        ||    36
       Fire dragon scale ||    12
Dodge: Dodged            ||    32
Block: Shield            ||    63

Table legend:
 A = Spawn XP
 B = Non-spawn XP
 C = Spawn XP percentage of total XP
 D = Spawn monster count
 E = Non-spawn monster count
 F = Spawn count percentage of total count
 G = Total turns spent on level
                    A         B        C        D         E        F      G
               +---------+---------+-------+---------+---------+-------+---------
         Total |       0 |      74 |   0.0 |       0 |      25 |   0.0 |   787
               +---------+---------+-------+---------+---------+-------+---------
           D:1 |       0 |      36 |   0.0 |       0 |      23 |   0.0 |   772
           D:2 |       0 |      38 |   0.0 |       0 |       2 |   0.0 |    15
               +---------+---------+-------+---------+---------+-------+---------
